Map: 2000 Atmospheres LE

Players

A.I. 1 (Very Easy)

  • Race: Protoss Protoss

MCMXI - Winner!

  • Race: Terran Terran
  • League: Master

VOD

Have the link to the VOD?

Description

Time

  • Played on: Nov. 21, 2021, 3:20 p.m.
  • Length: 8:13
Show
View Real Time Build Order
Export as new Build Order

A.I. 1 (Very Easy) Protoss 

Build Orders:  

Get SALT Encoding   

  12  0:00  Probe  
  13  0:13  Probe  
  14  0:19  Pylon  
  14  0:36  Assimilator  
  14  0:42  Gateway  
  14  0:45  Pylon  
  14  1:14  Assimilator  
  14  1:22  Zealot  
  14  1:23  Probe  
  14  1:31  Probe, Cybernetics Core  
  18  1:41  Probe  
  19  1:53  Probe  
  20  1:58  Warp Gate  
  20  2:02  Probe  
  21  2:10  Probe  
  22  2:35  Stalker  
  24  5:04  Stalker  
  24  5:06  Probe  
  25  5:09  Pylon  
  21  5:14  Probe  
  16  5:22  Probe  
  11  5:33  Probe, Zealot  
  6  5:45  Probe  
  5  5:57  Probe  
  5  6:01  Stalker  
  8  6:09  Probe  
  9  6:21  Probe  
  10  6:30  Stalker  
  12  6:33  Probe  
  13  6:45  Probe  
  14  6:57  Robotics Facility, Probe  
  14  6:58  Zealot  
  10  7:09  Probe  
  11  7:17  Nexus  
  11  7:19  Probe  
  11  7:27  Probe, Zealot  
  13  7:36  Probe  
  7  7:46  Observer  
  3  7:56  Zealot  
Show
View Real Time Build Order
Export as new Build Order

MCMXI Terran - Winner!

Build Orders: 1/1/1 

Get SALT Encoding   

  12  0:00  SCV  
  13  0:12  SCV  
  14  0:17  Supply Depot  
  14  0:24  SCV  
  15  0:35  Refinery  
  15  0:39  SCV  
  16  0:44  Barracks  
  16  0:51  SCV  
  16  0:55  Refinery  
  17  1:03  SCV  
  18  1:15  SCV  
  19  1:31  Orbital Command  
  19  1:35  Factory  
  19  1:44  Barracks Reactor  
  19  1:49  Supply Depot  
  19  1:57  SCV  
  20  2:09  SCV  
  21  2:20  Starport  
  21  2:21  SCV  
  22  2:30  Hellion x2  
  22  2:32  Barracks Tech Lab  
  22  2:33  SCV  
  27  2:40  Supply Depot  
  27  2:47  SCV  
  28  2:55  Hellion  
  30  3:00  Fusion Core  
  30  3:02  Hellion  
  32  3:10  SCV  
  32  3:11  Barracks Tech Lab  
  33  3:18  Hellion  
  37  3:30  Supply Depot  
  35  3:49  Stimpack  
  35  3:52  Battlecruiser  
  41  4:02  Barracks  
  41  4:16  Command Center  
  41  4:21  Engineering Bay  
  41  4:22  SCV  
  42  4:28  Marine  
  43  4:39  Factory Reactor  
  43  4:41  Engineering Bay  
  43  4:44  SCV  
  44  4:45  Marine  
  44  4:50  Marine x2  
  47  4:55  Supply Depot  
  47  5:12  Terran Infantry Weapons Level 1  
  47  5:13  Terran Infantry Armor Level 1  
  47  5:16  Marine x3  
  50  5:32  Orbital Command  
  50  5:34  Marine  
  51  5:40  SCV  
  52  5:43  Siege Tank  
  55  5:58  Marine x3  
  55  6:00  SCV x2  
  60  6:05  Supply Depot  
  60  6:07  Medivac x2  
  64  6:12  SCV x2  
  64  6:17  Marine x3  
  69  6:24  SCV  
  70  6:27  Siege Tank  
  70  6:29  Combat Shield  
  70  6:30  Supply Depot  
  73  6:35  SCV  
  73  6:36  Supply Depot, SCV  
  73  6:38  Supply Depot  
  75  6:54  Marine x3  
  76  6:58  Medivac  
  76  6:59  Siege Tank  
  83  7:02  SCV x2  
  85  7:11  Marine  
  85  7:14  SCV  
  85  7:15  Command Center  
  87  7:17  Barracks  
  87  7:22  Barracks  
  87  7:26  Barracks  
  87  7:39  Marine x3  
  90  7:44  SCV x2  
  97  7:52  Supply Depot  
  97  7:55  Supply Depot  
  97  7:56  SCV x2  
Tags
 
Add a new tag
Caveats
  • Supply blocks, unpowered buildings, or Contaminate may cause inaccurate times.
  • Supply counts are checked every 10 seconds.